 Dungeon Crawl Stone Soup version 0.29-a0-275-g389c0b56f3 (webtiles) character file.

Game seed: 5721798274849058897

2089 Jinxxian the Gusty (level 9, -1/71 HPs)
             Began as a Red Draconian Air Elementalist on Mar 12, 2022.
             Was a Follower of Sif Muna.
             Slain by an orc warrior
             ... wielding a +0 war axe
              (13 damage)
             ... on level 6 of the Dungeon.
             The game lasted 00:46:00 (10898 turns).

Jinxxian the Gusty (DrAE)                          Turns: 10898, Time: 00:46:01

Health: -1/71      AC: 10    Str: 10    XL:     9   Next: 6%
Magic:  7/16       EV: 14    Int: 21    God:    Sif Muna [*.....]
Gold:   95         SH:  0    Dex: 17    Spells: 8/18 levels left

rFire   + . .      SeeInvis .   c - +1 dagger (vamp)
rCold   + . .      Faith    .   (no shield)
rNeg    . . .      Spirit   .   (body armour unavailable)
rPois   .          Reflect  .   (helmet restricted)
rElec   .          Harm     .   (no cloak)
rCorr   .          Rampage  .   h - +2 pair of gloves
Will    .....                   (no boots)
Stlth   +++.......              (no amulet)
HPRegen 0.21/turn               o - ring of protection from cold
MPRegen 0.15/turn               q - +6 ring of dexterity

@: mighty
A: breathe fire, AC +7, unfitting armour, fire resistance 1, cold-blooded
a: Breathe Fire, Renounce Religion, Channel Magic


You were on level 6 of the Dungeon.
You worshipped Sif Muna.
Sif Muna was aware of your devotion.
You visited 2 branches of the dungeon, and saw 7 of its levels.

You collected 316 gold pieces.
You spent 221 gold pieces at shops.

Inventory:

Hand Weapons
 c - a +1 vampiric dagger (weapon)
Missiles
 b - 292 stones
 n - 3 boomerangs
 t - 8 javelins (quivered)
Armour
 h - a +2 pair of gloves (worn)
Magical Staves
 a - a staff of death
 y - a staff of death
Jewellery
 o - a ring of protection from cold (left hand)
 q - a +6 ring of dexterity (right hand)
Wands
 s - a wand of iceblast (7)
 u - a wand of charming (12)
 w - a wand of acid (14)
Scrolls
 d - 4 scrolls of identify
 e - 3 scrolls of fog
 f - 6 scrolls of teleportation
 i - 3 scrolls of enchant weapon
 v - 3 scrolls of blinking
Potions
 g - a potion of flight
 j - 2 potions of curing
 k - a potion of invisibility {unknown}
 l - a potion of cancellation {unknown}
 m - 2 potions of degeneration
 p - 2 potions of might
 r - a potion of lignification
 z - a potion of attraction {unknown}
 B - 2 potions of brilliance


   Skills:
 + Level 3.8 Fighting
 * Level 5.1 Dodging
 + Level 4.0 Stealth
 * Level 5.2 Spellcasting
 * Level 5.3 Conjurations
 * Level 6.1 Air Magic


You had 8 spell levels left.
You knew the following spells:

 Your Spells              Type           Power      Damage    Failure   Level
a - Shock                 Conj/Air       100%       1d9       1%          1
b - Static Discharge      Conj/Air       29%        N/A       1%          2
c - Airstrike             Air            15%        N/A       9%          4
d - Swiftness             Air            31%        N/A       2%          3

Your spell library contained the following spells:

 Spells                   Type           Power      Damage    Failure   Level
 Tukima's Dance           Hex            5%         N/A       32%         3
 Passage of Golubria      Tloc           5%         N/A       71%         4
 Yara's Violent Unravell  Hex/Tmut       2%         3d3       96%         5


Dungeon Overview and Level Annotations

Branches:
Dungeon (6/15)             Temple (1/1) D:4

Altars:
Ashenzari
Cheibriados
Dithmenos
Elyvilon
Hepliaklqana
Makhleb
Nemelex Xobeh
Qazlal
Ru
Sif Muna
Uskayaw
Wu Jian
Xom
Yredelemnul
Zin
The Shining One

Shops:
D:4 *   D:5 !*


Innate Abilities, Weirdness & Mutations

You can breathe blasts of fire.
Your fiery red scales are hard. (AC +7)
You cannot fit into any form of body armour.
Your flesh is heat resistant. (rF+)
You are cold-blooded and may be slowed by cold attacks.


Message History

Casting: Shock (safe; 1% risk of failure)
Confirm with . or Enter, or press ? or * to list all spells.
Aiming: Shock (safe; 1% risk of failure)
Press: ? - help, Shift-Dir - straight line The zap hits the orc warrior.
The orc warrior is severely wounded.
The orc warrior hits you with a +0 war axe!
* * * LOW HITPOINT WARNING * * *
You feel much better.
The orc warrior hits you but does no damage.
The orc warrior attacks as you move away!
The orc warrior hits you with a +0 war axe!
* * * LOW HITPOINT WARNING * * *
Casting: Shock (safe; 1% risk of failure)
Confirm with . or Enter, or press ? or * to list all spells.
Aiming: Shock (safe; 1% risk of failure)
Press: ? - help, Shift-Dir - straight line That beam is likely to hit you.
Continue anyway? [Y]es or [N]o only, please.
That beam is likely to hit you.
Continue anyway?
Okay, then.
Casting: Shock (safe; 1% risk of failure)
Confirm with . or Enter, or press ? or * to list all spells.
Aiming: Shock (safe; 1% risk of failure)
Press: ? - help, Shift-Dir - straight line The zap hits the orc warrior but does no damage.
The orc warrior is severely wounded.
The zap hits the ice beast.
The ice beast is severely wounded.
The orc warrior hits you with a +0 war axe.
* * * LOW HITPOINT WARNING * * *
You feel very mighty all of a sudden. The orc warrior barely misses you.
You hit the orc warrior.
You feel better.
The orc warrior is severely wounded.
The orc warrior completely misses you.
You closely miss the orc warrior.
The orc warrior is severely wounded.
The orc warrior hits you with a +0 war axe!
You die...

#.# #.# #.#....
########.# #.# #.#....
.........#####.# #.#[...
.#######.......###.#....
#...#.......##.#....
#...#.#.#...#.##.#####
..###..#..###...#.#
#.###.#.#..+#'#####
+o@...'##..........
#..Y##'##...#.........
#....#)#...#.............
#... #.#...#..##.........
##. #.#)..#.............
# ..#####...#......... #'
....+##.......... !# ###.
#..........
#..###....######


You could see an orc warrior and an ice beast.

Vanquished Creatures
  A wraith (D:6)
  2 water moccasins
  A black bear (D:5)
  4 sky beasts
  An ice beast (D:5)
  An ogre (D:5)
  3 phantoms
  3 scorpions
  A hound (D:5)
  4 jellies
  A gnoll shaman (D:5)
  3 orc priests
  4 iguanas (D:5)
  Ijyb (D:3)
  3 orc wizards (D:4)
  2 adders (D:3)
  7 gnolls
  A white imp (D:5)
  5 worms
  4 dart slugs
  17 orcs
  7 bats
  3 endoplasms
  4 giant cockroaches
  5 goblins
  8 hobgoblins
  6 kobolds
  5 quokkas
  9 ball pythons
  8 frilled lizards
  4 rats
128 creatures vanquished.

Vanquished Creatures (others)
  3 plants
3 creatures vanquished.

Grand Total: 131 creatures vanquished

Notes
Turn   | Place    | Note
-------+----------+-------------------------------------------
     0 | D:1      | Jinxxian the Draconian Air Elementalist began the quest for
                  | the Orb.
     0 | D:1      | Reached XP level 1. HP: 14/14 MP: 3/3
   540 | D:1      | Reached XP level 2. HP: 20/20 MP: 0/5
   861 | D:1      | Reached XP level 3. HP: 16/27 MP: 0/6
  1371 | D:1      | Learned a level 2 spell: Static Discharge
  2168 | D:2      | Found a faded altar of an unknown god.
  2407 | D:2      | Reached skill level 1 in Fighting
  2472 | D:2      | Found a hide-covered altar of Uskayaw.
  3545 | D:3      | Reached XP level 4. HP: 35/35 MP: 3/7
  3592 | D:3      | Noticed Ijyb
  3621 | D:3      | Killed Ijyb
  4408 | D:4      | Learned a level 4 spell: Airstrike
  4875 | D:4      | Identified the +3 leather armour "Obach" {rN+}
  4879 | D:4      | Noticed a water moccasin
  4889 | D:4      | Killed a water moccasin
  4890 | D:4      | Reached XP level 5. HP: 31/41 MP: 3/9
  4965 | D:4      | Found a staircase to the Ecumenical Temple.
  5027 | D:4      | Reached skill level 4 in Air Magic
  5209 | D:4      | Identified the +1 ring mail "Tistruoga" {rPois Str+7 Dex-5
                  | Stlth+}
  5284 | D:4      | Reached XP level 6. HP: 39/48 MP: 4/10
  5362 | Temple   | Entered the Ecumenical Temple
  5532 | Temple   | Became a worshipper of Sif Muna the Loreminder
  6084 | D:4      | Found Ruhiupri's Assorted Antiques.
  6399 | D:4      | Noticed a sky beast
  6418 | D:4      | Killed a sky beast
  6549 | D:4      | Your scales start taking on a fiery red colour.
  6549 | D:4      | Reached XP level 7. HP: 52/55 MP: 5/12
  6549 | D:4      | Gained mutation: Your flesh is heat resistant. (rF+) [Red
                  | Draconian growth]
  7041 | D:4      | Reached * piety under Sif Muna
  7515 | D:5      | Entered Level 5 of the Dungeon
  7569 | D:5      | Learned a level 3 spell: Swiftness
  7955 | D:5      | Found Ciwem's Distillery.
  8028 | D:5      | Bought a potion of heal wounds for 65 gold pieces
  8028 | D:5      | Bought 2 potions of brilliance for 104 gold pieces
  8028 | D:5      | Bought a potion of might for 52 gold pieces
  8191 | D:5      | Reached skill level 5 in Air Magic
  8360 | D:5      | Reached XP level 8. HP: 37/62 MP: 6/14
  8779 | D:5      | Found Giumeat's Assorted Antiques.
  9969 | D:6      | Found a white marble altar of Elyvilon.
 10063 | D:6      | Found Tigodith's Weapon Emporium.
 10175 | D:6      | Reached skill level 5 in Conjurations
 10292 | D:6      | Reached skill level 5 in Spellcasting
 10415 | D:6      | Found a glowing silver altar of Zin.
 10436 | D:6      | Reached skill level 5 in Dodging
 10436 | D:6      | Reached skill level 6 in Air Magic
 10669 | D:6      | Reached XP level 9. HP: 68/71 MP: 4/16
 10898 | D:6      | Slain by an orc warrior

Illustrated notes

Levels and vault maps discovered:
D:1:      dpeg_arrival_circle_labyrinth_a, layout_basic, serial_glass,
          glass_columns_a, glass_columns_b, minmay_tetromino_i4
D:2:      layout_loops_ring, basic_altar, shapermc_ecumenical_altar_ellora,
          glass_columns_a, minmay_misc_feat_diagonals
D:3:      layout_basic, uniq_ijyb
D:4:      minmay_opposing_rooms, layout_loops_corners,
          minmay_temple_entry_junction, serial_shops,
          nicolae_shop_overgrown_old_shop, lightli_corner_chamber
D:5:      layout_loops_ring, serial_shops, kennysheep_mini_moat, shop
D:6:      layout_basic, zin_statuary, lemuel_doored_altar, serial_shops,
          nicolae_shop_crystal, minmay_fractal_squares_diagonal_5
Temple:   regret_index_temple_generic_petals

Skill      XL: |  1  2  3  4  5  6  7  8 |
---------------+-------------------------+-----
Dodging        | 2 3 4 5 |  5.1
Stealth        | 2 3 4 |  4.0
Fighting       | 1 2 3 |  3.8
Conjurations   | 2 3 4 5 |  5.3
Spellcasting   | 3 4 5 |  5.2
Air Magic      | 4 5 6 |  6.1

Action                   |  1- 3 |  4- 6 |  7- 9 || total
-------------------------+-------+-------+-------++-------
Melee: Unarmed           |    27 |       |       ||    27
       Tailslap          |     9 |     5 |     2 ||    16
       Dagger            |    42 |    49 |    25 ||   116
       Punch             |       |       |     1 ||     1
 Cast: Shock             |    74 |    97 |   158 ||   329
       Static Discharge  |       |     2 |     5 ||     7
Evoke: Wand              |       |     2 |     6 ||     8
  Use: Potion            |       |     5 |     7 ||    12
       Scroll            |       |       |     8 ||     8
 Stab: Sleeping          |     1 |       |       ||     1
Armor: Skin              |    27 |    29 |    54 ||   110
Dodge: Dodged            |    43 |    37 |    70 ||   150

Table legend: (Time is in decaauts)
 A = Elapsed time spent in this place.
 B = Non-inter-level travel time spent in this place.
 C = Inter-level travel time spent in this place.
 D = Time resting spent in this place.
 E = Time spent auto-exploring this place.
 F = Levels seen in this place.
 G = Mean time per level.
                   A        B        C        D        E       F      G
               +--------+--------+--------+--------+--------+-----+--------+
         Total |  10906 |  10906 |      0 |   6086 |   2910 |   7 | 1558.0 |
       Dungeon |  10705 |  10705 |      0 |   6086 |   2910 |   6 | 1784.2 |
        Temple |    200 |    200 |      0 |      0 |      0 |   1 |  200.0 |
               +--------+--------+--------+--------+--------+-----+--------+

Top non-repeatable levels by time:
     D:4: 2925 daAuts
     D:5: 2298 daAuts
     D:1: 1922 daAuts
     D:3: 1527 daAuts
     D:6: 1094 daAuts
     D:2: 936 daAuts
  Temple: 200 daAuts
